AoeStats
← I'm AOE2 Noob

Nomad

503069782Analyzed
1v1 RM · 1mo ago on Aug 30, 2026· 21m 46s· 2 players
Game mode
Random Map
Map size
126×126
Population
200
Speed
Normal
Resources
Standard
Victory
Conquest
Starting age
Dark Age
Ending age
Imperial Age
RankedLock teamsTeams togetherTeam positionsShared explorationLock speedFull tech treeHidden civsTurbo modeCheats
Victory
Defeat
🇻🇳 Spanish · Vietnam
1800
+14
🇨🇳 Spanish · China
1747
-14
I'm AOE2 Noob
14:29 Feudal Age
18:01 Castle Age
17:33 Loom
17:43 Fishing Lines
19:08 Medium Warships
HT229
10:18 Loom
12:23 Feudal Age
16:28 Castle Age
18:00 Padded Archer Armor
18:11 Double-Bit Axe
Connection lost

Rejoining the realm…

Still unreachable

The connection could not be restored.

Session expired

The server has moved on; the page needs a fresh start.